 Dungeon Crawl Stone Soup version 0.31-a0-844-gdc52ec4e09 (webtiles) character file.

Game seed: 419229319195471986

12419 IdlyInterested the Blocker (level 11, 0/87 HPs)
             Began as a Demonspawn Wanderer on Sept 29, 2023.
             Was an Elder of Trog.
             Slain by an ogre
             ... wielding a +0 giant club
             ... led by Lodul
              (1 damage)
             ... on level 11 of the Dungeon.
             The game lasted 00:40:07 (10563 turns).

IdlyInterested the Blocker (Demonspawn Wanderer)   Turns: 10563, Time: 00:40:07

Health: 0/87       AC: 23    Str: 22    XL:     11   Next: 62%
Magic:  0/12       EV:  7    Int: 13    God:    Trog [****..]
Gold:   42         SH: 17    Dex: 14    Spells: 11/12 levels left

rFire   . . .        P - +6 broad axe (protect)
rCold   + . .        y - +0 tower shield
rNeg    . . .        T - +2 chain mail {rC+}
rPois   .            (helmet restricted)
rElec   .            b - +0 cloak
rCorr   +            (no gloves)
SInv    .            h - +0 pair of boots
Will    .....        e - amulet of guardian spirit
Stlth   +            M - ring of resist corrosion
HPRegen 0.34/turn    n - +6 ring of strength
MPRegen 0.13/turn

%: guardian spirit
@: under a protective aura, on berserk cooldown, slowed, invisible, very slow
A: antennae 2, thin metallic scales 2, demonic guardian 1, powered by pain 1
a: Renounce Religion, Berserk, Trog's Hand, Brothers in Arms


You were on level 11 of the Dungeon.
You worshipped Trog.
Trog was greatly pleased with you.
You visited 2 branches of the dungeon, and saw 12 of its levels.
You also visited: Sewer.

You collected 547 gold pieces.
You spent 505 gold pieces at shops.

Inventory:

Hand Weapons
 a - a +3 hand axe of venom
 c - a +0 broad axe of flaming
 H - a +0 vampiric hand axe
 P - a +6 broad axe of protection (weapon)
Missiles
 k - 80 stones (quivered)
 o - 32 poisoned darts
 p - 19 boomerangs
 x - 2 curare-tipped darts
 B - 6 atropa-tipped darts
 S - 4 throwing nets
Armour
 b - a +0 cloak (worn)
 h - a +0 pair of boots (worn)
 r - a +1 robe of positive energy
 y - a +0 tower shield (worn)
 T - a +2 chain mail of cold resistance (worn)
Jewellery
 e - an amulet of guardian spirit (around neck)
 n - a +6 ring of strength (right hand)
 M - a ring of resist corrosion (left hand)
Wands
 i - a wand of mindburst (10)
 l - a wand of polymorph (3)
 q - a wand of paralysis (22)
 C - a wand of roots (10)
 I - a wand of quicksilver (1)
 O - a wand of flame (21)
Scrolls
 d - 3 scrolls of immolation
 j - a scroll of silence
 m - 5 scrolls of revelation
 u - a scroll of blinking
 A - a scroll of teleportation
 D - a scroll of fog
 K - 3 scrolls of torment
Potions
 g - a potion of resistance
 s - 2 potions of might
 t - 5 potions of attraction
 v - a potion of lignification
 w - 3 potions of haste
 L - a potion of cancellation
 N - a potion of mutation {unknown}


   Skills:
 - Level 8.9 Fighting
 * Level 6.7 Axes
 - Level 2.0 Throwing
 - Level 3.0 Armour
 - Level 3.0 Dodging
 - Level 6.0 Stealth
 + Level 12.1 Shields
 - Level 1.0 Spellcasting
 - Level 1.0 Conjurations
 - Level 1.0 Fire Magic
 - Level 2.0 Evocations


You had 11 spell levels left.
You knew the following spells:

 Your Spells              Type           Power      Damage    Failure   Level
a - Foxfire               Conj/Fire      12%        2x1d4     99%         1

Your spell library contained the following spells:

 Spells                   Type           Power      Damage    Failure   Level
 Mephitic Cloud           Conj/Pois/Air  1%         N/A       100%        3


Dungeon Overview and Level Annotations

Branches:
Dungeon (11/15)            Temple (1/1) D:7           Sewer (visited)
   Lair: D:8-11         Orc: D:9-12

Altars:
Ashenzari
Cheibriados
Dithmenos
Fedhas
Gozag
Hepliaklqana
Kikubaaqudgha
Makhleb
Nemelex Xobeh
Okawaru
Qazlal
Ru
Sif Muna
Trog
Uskayaw
Vehumet
Wu Jian
Xom
Yredelemnul

Shops:
D:4 ?   D:6 *   D:10 [


Innate Abilities, Weirdness & Mutations

You have a pair of antennae on your head.
You are mostly covered in thin metallic scales. (AC +3)
A weak demonic guardian rushes to your aid.
You sometimes gain a little power by taking damage.


Message History

The ogre is heavily wounded.
You hit the ogre. The ogre hits you but does no damage.
You slice the ogre!!
The ogre is almost dead.
You slash the ogre!
A nearby fungus withers and dies.
You block the ogre's attack.
You slash the ogre!
You kill the ogre!
Trog accepts your kill.
You slash the ogre! You slice the ogre!!
You kill the ogre!
Trog accepts your kill. The ogre hits you with a +0 giant club!
You slash the ogre!
The ogre is severely wounded.
You are no longer berserk.
You are exhausted.
You feel yourself slow down. You block the ogre's attack.
You slash the ogre!
The ogre is moderately wounded.
You hit the ogre. x2; A nearby fungus withers and dies.
The ogre barely misses you. You block the ogre's attack.
The ogre hits you with a +0 giant club!
* * * LOW HITPOINT WARNING * * *
You slash the ogre!
The ogre is almost dead.
You hit the ogre. x2; The ogre hits you with a +0 giant club!
* * * LOW HITPOINT WARNING * * *
A demonic guardian appears!
The ogre hits you but does no damage. The ogre hits you with a +0 giant club.
* * * LOW HITPOINT WARNING * * *
You block the ogre's attack. The ogre hits you with a +0 giant club.
* * * LOW HITPOINT WARNING * * *
Okay, then.
You fade into invisibility!
The ogre hits you with a +0 giant club!
* * * LOW HITPOINT WARNING * * *
Your ufetubus hits the ogre.
Your ufetubus barely misses the ogre.
The ogre misses your ufetubus. The ogre hits you with a +0 giant club.
You die...

#...P...
#..P...
P####P.....
.P.P.P.P.P
P...P....+#####
...P..P...)...#
.......†..5...#
.P.#OOO...##
##)@....#
#.......#
#.......#
##+######


You could see 3 ogres and a friendly ufetubus (summoned).

Vanquished Creatures
  Harold (D:10)
  A death knight (D:9)
  A centaur warrior (D:9)
  Lodul (D:11)
  Maggie (D:10)
  Grinder (D:6)
  A slime creature (D:9)
  Sigmund (D:4)
  2 shadows
  Eustachio (D:4)
  15 yaks
  2 vampire mosquitoes (D:10)
  Menkaure (D:4)
  A steam dragon (D:8)
  2 water moccasins
  An acid dragon (D:9)
  Pargi (Sewer)
  3 black bears
  4 ice beasts
  A sky beast (D:8)
  8 orc warriors
  5 ogres
  4 centaurs
  3 kobold brigands
  Blork the orc (D:6)
  2 gnoll sergeants
  5 bullfrogs
  6 scorpions
  12 wights
  7 killer bees
  6 howler monkeys
  8 hounds
  2 jellies
  5 orc priests
  2 sleepcaps
  A gnoll bouda (D:4)
  4 iguanas
  8 orc wizards
  A statue (D:10)
  16 gnolls
  A river rat (D:3)
  8 adders
  A shadow imp (D:6)
  3 worms (D:3)
  A dart slug (D:4)
  41 orcs
  3 ball pythons (D:1)
  6 endoplasms
  3 giant cockroaches
  15 hobgoblins
  2 jackals (D:1)
  4 quokkas
  8 bats
  4 frilled lizards
  18 goblins
  22 kobolds
  10 rats
298 creatures vanquished.

Vanquished Creatures (collateral kills)
  A boggart (D:9)
  A gnoll sergeant (D:11)
2 creatures vanquished.

Vanquished Creatures (others)
  30 foxfires
30 creatures vanquished.

Grand Total: 330 creatures vanquished

Notes
Turn   | Place    | Note
-------+----------+-------------------------------------------
     0 | D:1      | IdlyInterested the Demonspawn Wanderer began the quest for
                  | the Orb.
     0 | D:1      | IdlyInterested set off with the following items: a +2 hand
                  | axe, a +0 cloak, a potion of heal wounds, a +0 leather
                  | armour; and the following spell memorised: Foxfire; and the
                  | following spells available to memorise: Mephitic Cloud.
     0 | D:1      | Reached XP level 1. HP: 13/13 MP: 2/2
    82 | D:1      | Reached skill level 1 in Fire Magic
   101 | D:1      | Reached skill level 1 in Fighting
   101 | D:1      | Gained mutation: You are partially covered in thin metallic
                  | scales. (AC +2) [demonic ancestry]
   101 | D:1      | Reached XP level 2. HP: 21/21 MP: 1/3
   373 | D:1      | Reached skill level 1 in Stealth
   438 | D:1      | Reached XP level 3. HP: 27/27 MP: 4/4
   847 | D:2      | Reached skill level 1 in Armour
   985 | D:2      | Gained mutation: You have a pair of small antennae on your
                  | head. [demonic ancestry]
   985 | D:2      | Reached XP level 4. HP: 33/34 MP: 5/5
  1011 | D:2      | Identified the +0 scale mail of the Cockatrice {MP+9}
  1453 | D:3      | Found a faded altar of an unknown god.
  1473 | D:3      | Reached skill level 1 in Throwing
  1545 | D:3      | Gained mutation: A weak demonic guardian rushes to your
                  | aid. [demonic ancestry]
  1545 | D:3      | Reached XP level 5. HP: 36/42 MP: 6/6
  1551 | D:3      | Reached skill level 1 in Shields
  1614 | D:3      | Noticed a black bear
  1622 | D:3      | Killed a black bear
  1623 | D:3      | Reached skill level 5 in Fighting
  1623 | D:3      | Gained mutation: You sometimes gain a little power by
                  | taking damage. [demonic ancestry]
  1623 | D:3      | Reached XP level 6. HP: 47/51 MP: 7/7
  1687 | D:3      | Found a glowing drain.
  1700 | Sewer    | Entered a sewer
  1732 | Sewer    | Noticed Pargi
  1743 | Sewer    | Killed Pargi
  2306 | D:4      | Noticed Sigmund
  2318 | D:4      | Killed Sigmund
  2319 | D:4      | Gained mutation: You are mostly covered in thin metallic
                  | scales. (AC +3) [demonic ancestry]
  2319 | D:4      | Reached XP level 7. HP: 59/59 MP: 8/8
  2334 | D:4      | Reached skill level 5 in Axes
  2465 | D:4      | Noticed Eustachio
  2483 | D:4      | Killed Eustachio
  2571 | D:4      | Found Gyob Urhe's Magic Scroll Boutique.
  2625 | D:4      | Reached XP level 8. HP: 63/68 MP: 9/9
  2664 | D:4      | Noticed Menkaure
  2678 | D:4      | Killed Menkaure
  3339 | D:5      | Entered Level 5 of the Dungeon
  3461 | D:4      | Bought a scroll of silence for 95 gold pieces
  3461 | D:4      | Bought a scroll of fog for 40 gold pieces
  3461 | D:4      | Bought a scroll of amnesia for 40 gold pieces
  3461 | D:4      | Bought a scroll of noise for 10 gold pieces
  3522 | D:5      | Found a sacrificial altar of Ru.
  3522 | D:5      | Found a bloodstained altar of Trog.
  3542 | D:5      | Became a worshipper of Trog the Wrathful
  3586 | D:5      | Found a broken altar of Ashenzari.
  3753 | D:5      | Reached skill level 2 in Shields
  3995 | D:5      | Reached skill level 3 in Shields
  4118 | D:5      | Reached skill level 4 in Shields
  4348 | D:4      | Bought a scroll of identify for 20 gold pieces
  4502 | D:6      | Noticed Blork the orc
  4506 | D:6      | Killed Blork the orc
  4511 | D:6      | Reached XP level 9. HP: 72/75 MP: 10/10
  4532 | D:6      | Found a snail-covered altar of Cheibriados.
  4551 | D:6      | Reached skill level 5 in Shields
  4727 | D:6      | Found a hazy altar of Hepliaklqana.
  4732 | D:6      | Reached skill level 6 in Shields
  4794 | D:6      | Noticed Grinder
  4804 | D:6      | Paralysed by Grinder for 5 turns
  4814 | D:6      | Paralysed by Grinder for 3 turns
  4818 | D:6      | Killed Grinder
  5074 | D:6      | Found Sunivo's Elemental Accessories.
  5734 | D:7      | Found a staircase to the Ecumenical Temple.
  5748 | D:7      | Reached * piety under Trog
  5753 | D:7      | Reached skill level 7 in Shields
  5810 | Temple   | Entered the Ecumenical Temple
  6096 | D:8      | Found a shimmering blue altar of Sif Muna.
  6326 | D:8      | Reached skill level 8 in Shields
  6335 | D:8      | Reached ** piety under Trog
  6389 | D:8      | Gained mutation: You have a pair of antennae on your head.
                  | [demonic ancestry]
  6389 | D:8      | Reached XP level 10. HP: 58/82 MP: 11/11
  7159 | D:6      | Bought a wand of flame (21) for 205 gold pieces
  7468 | D:9      | Found a shimmering altar of Xom.
  7481 | D:9      | Reached skill level 9 in Shields
  7548 | D:9      | Found an iron altar of Okawaru.
  7888 | D:9      | Reached *** piety under Trog
  8034 | D:9      | Noticed a centaur warrior
  8055 | D:9      | Killed a centaur warrior
  8056 | D:9      | Reached skill level 10 in Shields
  8155 | D:9      | Reached XP level 11. HP: 38/85 MP: 12/12
  8161 | D:9      | Identified the +6 leather armour of the Plum {rF- Will+
                  | Dex+2}
  8161 | D:9      | Noticed a death knight
  8176 | D:9      | Killed a death knight
  8177 | D:9      | Reached skill level 5 in Stealth
  8177 | D:9      | Reached skill level 11 in Shields
  8795 | D:10     | Entered Level 10 of the Dungeon
  8795 | D:10     | Noticed Maggie
  8805 | D:10     | Killed Maggie
  8813 | D:10     | Identified the +6 flail "Ifavum" {venom, *Rage Str+3 Dex+3}
  9349 | D:10     | Noticed Harold
  9375 | D:10     | Killed Harold
  9608 | D:10     | Found Jymet's Antique Armour Emporium.
  9660 | D:10     | Found a radiant altar of Vehumet.
 10165 | D:4      | Bought a scroll of brand weapon for 95 gold pieces
 10541 | D:11     | Noticed Lodul
 10542 | D:11     | Reached **** piety under Trog
 10551 | D:11     | Reached skill level 12 in Shields
 10555 | D:11     | Killed Lodul
 10563 | D:11     | HP: 1/87 [ogre/+0 giant club[Lodul] (6)]
 10563 | D:11     | Slain by an ogre

Illustrated notes

Levels and vault maps discovered:
D:1:      ldierk_walled_garden, layout_rooms
D:2:      layout_rooms, st_stairs_2, corexii_shack, minmay_goblin_outpost
D:3:      layout_rooms, ebering_ecumenical_altar_petrified,
          gup_sewer_entry_bubbles, grunt_decor_cap, minmay_misc_feat_rugged,
          cheibrodos_gnoll_hut
D:4:      layout_cave_pods, serial_shops, nicolae_shop_peninsula,
          uniq_eustachio, uniq_sigmund, uniq_menkaure
D:5:      layout_loops_ring, nicolae_ashenzari_skybound,
          chequers_temple_overflow_statue_of_worship
D:6:      layout_basic, nicolae_hepliaklqana_hazy_memory, jmf_multi_god_temple,
          nicolae_elemental_shop, uniq_blork_the_orc, uniq_grinder
D:7:      layout_cave_pools, zin_academy, temple_pool_b,
          minmay_misc_feat_encased
D:8:      layout_basic, mainiacjoe_overflow_cross_hatched
D:9:      layout_gridville, gammafunk_temple_overflow_wave,
          minmay_pinched_square
D:10:     layout_roguey, vehumet_statue, serial_shops,
          nicolae_shop_overgrown_old_shop, uniq_maggie, uniq_harold
D:11:     layout_irregular_city, grunt_lair_entry_orc_guard_hut,
          ebering_ghost_funeral_grove, eino_tiny_chamber,
          kennysheep_another_room, minmay_fire_ice_demons, uniq_maurice,
          uniq_urug, uniq_lodul
Temple:   jpeg_temple_clearing

Skill      XL: |  1  2  3  4  5  6  7  8  9 10 11 |
---------------+----------------------------------+-----
Fire Magic     | 1 |  1.0
Fighting       | 1 2 3 5 6 7 8 |  8.9
Stealth        | 1 4 6 |  6.0
Armour         | 1 3 |  3.0
Throwing       | 1 2 |  2.0
Shields        | 1 4 8 10 12 | 12.1
Dodging        | 2 3 |  3.0
Axes           | 5 6 |  6.7
Evocations     | 2 |  2.0
Spellcasting   | |  1.0
Conjurations   | |  1.0

Action                     |  1- 3 |  4- 6 |  7- 9 | 10-12 || total
---------------------------+-------+-------+-------+-------++-------
  Melee: Hand axe          |   125 |   120 |   320 |   192 ||   757
         Punch             |       |       |     1 |       ||     1
         Broad axe         |       |       |       |   146 ||   146
  Throw: Stone             |       |       |    16 |    18 ||    34
   Cast: Foxfire           |    12 |     7 |       |       ||    19
 Invoke: Trog's Hand       |       |       |       |     2 ||     2
         Berserk           |       |       |       |     1 ||     1
  Evoke: Wand              |       |       |       |     4 ||     4
    Use: Scroll            |       |    12 |     6 |     5 ||    23
         Potion            |       |       |     1 |    11 ||    12
   Stab: Sleeping          |       |       |       |     3 ||     3
         Distracted        |       |       |       |     1 ||     1
 Armour: Leather armour    |    67 |       |       |    33 ||   100
         Ring mail         |    15 |     7 |       |       ||    22
         Scale mail        |       |   104 |   238 |   181 ||   523
         Chain mail        |       |       |       |    84 ||    84
  Dodge: Dodged            |    55 |    85 |   124 |    94 ||   358
  Block: Tower shield      |       |       |   194 |   382 ||   576

Table legend: (Time is in decaauts)
 A = Elapsed time spent in this place.
 B = Non-inter-level travel time spent in this place.
 C = Inter-level travel time spent in this place.
 D = Time resting spent in this place.
 E = Time spent auto-exploring this place.
 F = Levels seen in this place.
 G = Mean time per level.
                   A        B        C        D        E       F      G
               +--------+--------+--------+--------+--------+-----+--------+
         Total |  10838 |   8858 |   1980 |    521 |   5215 |  13 |  833.7 |
       Dungeon |  10723 |   8743 |   1980 |    521 |   5184 |  11 |  974.8 |
        Temple |      1 |      1 |      0 |      0 |      0 |   1 |    1.0 |
         Sewer |    113 |    113 |      0 |      0 |     31 |   1 |  113.0 |
               +--------+--------+--------+--------+--------+-----+--------+

Top non-repeatable levels by time:
     D:9: 1803 daAuts
     D:4: 1296 daAuts
    D:10: 1126 daAuts
     D:8: 1077 daAuts
     D:6: 1061 daAuts
     D:5: 1035 daAuts
     D:7: 916 daAuts
     D:2: 806 daAuts
     D:3: 795 daAuts
     D:1: 680 daAuts
    D:11: 123 daAuts
   Sewer: 113 daAuts
  Temple: 1 daAuts
